 Dungeon Crawl Stone Soup version 0.18-a0-1577-gf591c28 (webtiles) character file.

39 zukataaa the Skirmisher (level 3, -3/30 HPs)
             Began as a Demonspawn Abyssal Knight on Mar 18, 2016.
             Was a Follower of Lugonu.
             Slain by a gnoll
             ... wielding a +0 club
              (5 damage)
             ... on level 3 of the Dungeon.
             The game lasted 00:17:12 (1095 turns).

zukataaa the Skirmisher (Demonspawn Abyssal Knight) Turns: 1095, Time: 00:17:12

Health: -3/30      AC:  3    Str: 13    XL:     3   Next: 28%
Magic:  5/5        EV: 11    Int: 13    God:    Lugonu [*.....]
Gold:   54         SH:  0    Dex: 12    Spells: 0 memorised, 2 levels left

rFire  . . .     SeeInvis .     a - +1 spear
rCold  . . .     Gourm    .     b - +0 leather armour
rNeg   . . .     Faith    .     (no shield)
rPois  .         Spirit   .     (no helmet)
rElec  .         Dismiss  .     (no cloak)
rCorr  .         Reflect  .     (no gloves)
SustAt .         Harm     .     (no boots)
MR     .....                    (no amulet)
Stlth  +.........               (no ring)
                                (no ring)

@: not resistant to hostile enchantments, very unstealthy
A: talons 1
a: Depart the Abyss, Renounce Religion


You were on level 3 of the Dungeon.
You worshipped Lugonu.
Lugonu was aware of your devotion.
You were not hungry.

You visited 1 branch of the dungeon, and saw 3 of its levels.
You visited the Abyss 1 time.

You collected 54 gold pieces.

Inventory:

Hand Weapons
 a - a +1 spear (weapon)
 e - a +0 dagger
 g - a +0 dagger
 h - a +0 club
 i - a +0 club
 j - a +0 dagger
 l - a +0 dagger
Armour
 b - a +0 leather armour (worn)
 k - a +0 robe
Scrolls
 d - a scroll of identify {unknown}
 f - a scroll of enchant weapon {unknown}
 n - a scroll of recharging {unknown}
 o - a scroll of teleportation {unknown}
 p - a scroll of amnesia {unknown}
Potions
 m - a potion of degeneration {unknown}
Comestibles
 c - a bread ration


   Skills:
 + Level 3.8 Fighting
 + Level 2.1 Polearms
 + Level 1.9 Armour
 + Level 1.2 Dodging
 + Level 2.7 Invocations


You had 2 spell levels left.
You didn't know any spells.

Dungeon Overview and Level Annotations

Branches:
Dungeon (3/15)

Altars:


Innate Abilities, Weirdness & Mutations

You have sharp toenails.


Message History

The gnoll hits you from afar with a spear. x2
* * * LOW HITPOINT WARNING * * *
The gnoll hits you from afar with a spear.
* * * LOW HITPOINT WARNING * * *
There is a stone staircase leading down here.
The gnoll barely misses you.
The gnoll hits you from afar with a spear.
* * * LOW HITPOINT WARNING * * *
You climb downwards.
An adder comes into view.
Found 22 stones, 22 bolts and a short sword.
Found a stone staircase leading up.
There is a stone staircase leading up here.
You hit the gnoll. Your kick misses the gnoll.
The gnoll is severely wounded.
The gnoll closely misses you.
You hit the gnoll.
The gnoll is severely wounded.
The gnoll hits you with a club.
You die...

###..#
⌠#..#
##..#
...#####
#......
....#
###...#
#..@g.#
#S#.###
.. ...
#..
.#(## #.
.)... .<
.# #.# #
.. #.#
.. #.#


You could see a gnoll and an adder.

Vanquished Creatures
  2 oozes (D:1)
  A giant gecko (D:1)
  3 bats (D:1)
  3 giant cockroaches
  4 goblins (D:1)
  5 hobgoblins (D:1)
  2 giant newts (D:1)
  3 kobolds (D:1)
  6 rats (D:1)
29 creatures vanquished.

Notes
Turn   | Place    | Note
--------------------------------------------------------------
     0 | Abyss:1  | zukataaa the Demonspawn Abyssal Knight began the quest for the Orb.
     0 | Abyss:1  | Reached XP level 1. HP: 18/18 MP: 2/2
     4 | Abyss:1  | Found a shattered altar of Ashenzari.
    24 | Abyss:1  | Found a corrupted altar of Lugonu.
    28 | D:1      | Escaped the Abyss
   256 | D:1      | Reached * piety under Lugonu
   256 | D:1      | Gained mutation: You have sharp toenails. [demonic ancestry]
   256 | D:1      | Reached XP level 2. HP: 13/24 MP: 3/3
   501 | D:1      | Reached skill level 1 in Dodging
   769 | D:1      | Reached XP level 3. HP: 25/29 MP: 4/4
  1095 | D:3      | Slain by a gnoll

Vault maps used:
D:1:      minmay_arrival_cross
D:2:      first_bread
D:3:      nicolae_ru_awakened_eye, nicolae_overflow_hidden_temple, serial_glass,
          glass_columns_a, glass_columns_a, minmay_strange_pillars,
          feat_on_display, ecumenical_altar_2, st_stairs_12,
          kb_xom_exploding_sheep
Abyss:1:  abyss_furniture_001, evilmike_abyss_exit_4

Skill      XL: |  1  2 |
---------------+-------+-----
Dodging        | 1 |  1.2
Polearms       | 2 |  2.1
Fighting       | |  3.8
Armour         | |  1.9
Invocations    | |  2.7

Action                   || total
-------------------------++-------
Melee: Spear             ||   113
Invok: Depart the Abyss  ||     1
  Eat: Bread ration      ||     1
